 Dungeon Crawl Stone Soup version 0.23-a0-629-gae4348f (webtiles) character file.

72689 Darkshadow the Bludgeoner (level 15, -5/141 HPs)
             Began as a Minotaur Berserker on Dec 25, 2018.
             Was a High Priest of Trog.
             Slain by a two-headed ogre
             ... wielding a +0 giant club
              (10 damage)
             ... on level 1 of the Orcish Mines.
             The game lasted 01:41:26 (26182 turns).

Darkshadow the Bludgeoner (Minotaur Berserker)     Turns: 26182, Time: 01:41:26

Health: -5/141     AC: 20    Str: 24    XL:     15   Next: 1%
Magic:  17/17      EV: 17    Int:  4    God:    Trog [*****.]
Gold:   1780       SH: 13    Dex: 19    Spells: 14/14 levels left

rFire    . . .     SeeInvis +   a - +0 eveningstar
rCold    . . .     Gourm    .   Y - +0 shield
rNeg     . . .     Faith    .   E - +0 plate armour
rPois    .         Spirit   .   (helmet restricted)
rElec    .         Reflect  .   N - +0 cloak
rCorr    .         Harm     .   (no gloves)
MR       ++...                  X - +1 pair of boots {Fly}
Stlth    ..........             F - amulet of the acrobat
HPRegen  0.33/turn              Q - ring of protection from magic
MPRegen  0.15/turn              T - ring of see invisible

@: agile, berserk cooldown, flying, drained
A: retaliatory headbutt, horns 2
a: Berserk, Trog's Hand, Brothers in Arms, Renounce Religion, Stop Flying


You were on level 1 of the Orcish Mines.
You worshipped Trog.
Trog was extremely pleased with you.
You were not hungry.

You visited 3 branches of the dungeon, and saw 20 of its levels.
You also visited: Ossuary, Gauntlet and Volcano.

You collected 1936 gold pieces.
You spent 156 gold pieces at shops.

Inventory:

Hand Weapons
 a - a +0 eveningstar (weapon)
 b - a +0 hand crossbow
Missiles
 g - 664 stones
 y - 11 steel javelins (quivered)
 z - 248 bolts
Armour
 E - a +0 plate armour (worn)
 M - +0 fire dragon scales
 N - a +0 cloak (worn)
 X - a +1 pair of boots of flying (worn)
 Y - a +0 shield (worn)
Jewellery
 t - a +3 ring of dexterity
 v - an uncursed ring of protection from magic
 w - an uncursed amulet of harm
 F - an amulet of the acrobat (around neck)
 G - an uncursed ring of ice
 I - an uncursed ring of resist corrosion
 O - the ring "Ilipi" {+Blink +Fly MP-9 AC+1}
   (You found it in a Gauntlet)

   [ring of protection]

   It affects your AC (+1).
   It affects your magic capacity (-9).
   It lets you fly.
   It lets you blink.
 Q - a ring of protection from magic (left hand)
 T - a ring of see invisible (right hand)
Wands
 k - a wand of paralysis (8)
 o - a wand of acid (5)
 K - a wand of flame (76)
 L - a wand of polymorph (4)
Scrolls
 d - a scroll of enchant armour
 e - 2 scrolls of identify {@r1}
 h - 2 scrolls of fear
 l - 7 scrolls of remove curse {@r2}
 m - 9 scrolls of teleportation
 p - 2 scrolls of torment
 q - 4 scrolls of fog
 r - 3 scrolls of magic mapping
 R - 2 scrolls of enchant weapon
Potions
 f - 2 potions of heal wounds
 i - 7 potions of curing {@q1}
 j - 2 potions of agility
 n - 3 potions of might
 s - 2 potions of cancellation
 x - 5 potions of haste
 A - 2 potions of resistance
 B - a potion of magic
 C - 2 potions of brilliance
 D - a potion of ambrosia
 H - a potion of berserk rage {unknown}
 J - 4 potions of lignification
Miscellaneous
 P - a fan of gales
Comestibles
 c - 39 rations


   Skills:
 * Level 15.2(14.3) Fighting
 - Level 16.0(15.0) Maces & Flails
 - Level 7.0(6.2) Crossbows
 + Level 14.5(13.6) Armour
 - Level 9.6(8.8) Dodging
 * Level 11.2(10.4) Shields
 + Level 4.1(3.4) Evocations


You had 14 spell levels left.
You didn't know any spells.
Your spell library was empty.

Dungeon Overview and Level Annotations

Branches:
Dungeon (12/15)            Temple (0/1) D:4            Lair (6/6) D:9
 Shoals (0/4) Lair:3        Snake (0/4) Lair:3          Orc (2/2) D:9
    Elf (0/3) Orc:2
  Slime: Lair:5-6

Altars:
Ashenzari
Gozag
Kikubaaqudgha
Nemelex Xobeh
Okawaru
Trog
Xom
Yredelemnul
The Shining One

Shops:
D:8 *   Orc:2 ![

Annotations:
D:2 2 transporters, Menkaure
D:9 3 runed doors, Think's ghost, novice DsMo


Innate Abilities, Weirdness & Mutations

You reflexively headbutt those who attack you in melee.
You have a pair of horns on your head.


Message History

* * * LOW HITPOINT WARNING * * *
You block the two-headed ogre's attack. The troll bites you but does no damage.
The troll claws you!
* * * LOW HITPOINT WARNING * * *
The troll claws you but does no damage.
Your troll goes berserk!
You feel quite a bit more hungry.
The two-headed ogre hits you with a +0 giant club.
* * * LOW HITPOINT WARNING * * *
The two-headed ogre hits you with a +0 giant spiked club.
* * * LOW HITPOINT WARNING * * *
The troll bites you.
* * * LOW HITPOINT WARNING * * *
The troll claws you but does no damage. The troll barely misses you.
You feel agile all of a sudden.
Your troll bites the two-headed ogre.
Your troll claws the two-headed ogre! x2
The two-headed ogre misses you. You furiously retaliate!
You headbutt the two-headed ogre, but do no damage.
The two-headed ogre hits you with a +0 giant spiked club!
You die...

#.. ###.. ### ##....
##.## ##.#.#. ##...#
#...##. ##....##
###...#.
##......###....###
#TO..#..##.......#
#@)T###..#..#....#
###))###.....###....
#.....####...# ##...
###...# ##...####...
#....###......#....
####..#...##..#..##
#.....####......#
####..# #.....##
#.### ##...##


You could see a two-headed ogre, a troll and a friendly troll (berserk).

Vanquished Creatures
  Rupert (Orc:1)
  Gastronok (Orc:1)
  Josephine (Lair:5)
  2 ogre magi (Orc:2)
  2 hydras
  A merfolk avatar (Lair:6)
  A dancing weapon (Volcano)
  8 two-headed ogres
  3 death yaks (Lair:6)
  2 deep trolls
  A sea snake (Lair:6)
  2 glowing orange brains (Gauntlet)
  Pikel (D:5)
  5 wizards (Volcano)
  2 orc knights (Orc:1)
  An oklob plant (Orc:1)
  2 manticores
  2 ugly things (Gauntlet)
  2 cyclopes
  8 black mambas
  16 elephants
  5 toenail golems (Volcano)
  2 centaur zombies
  A torpor snail (Lair:1)
  13 spiny frogs
  4 rime drakes (Lair:6)
  A kobold demonologist (D:11)
  7 komodo dragons
  8 trolls
  3 hornets (Lair:6)
  5 polar bears (Lair:6)
  A wind drake (Lair:6)
  12 blink frogs
  8 hippogriffs
  A snapping turtle (Lair:3)
  2 shadows (Gauntlet)
  3 wraiths (Lair:5)
  31 yaks
  4 wyverns
  3 basilisks
  A steam dragon (Lair:4)
  2 fire elementals (Lair:3)
  4 wargs
  2 vampire mosquitoes (D:10)
  A soldier ant (D:12)
  An acid dragon (D:12)
  7 water moccasins
  5 porcupines
  19 orc warriors
  A black bear (D:6)
  An ice beast (D:11)
  5 phantoms
  An eye of draining (D:12)
  3 sky beasts
  7 centaurs
  8 wolves
  28 ogres
  10 crocodiles
  2 big kobolds
  An elf zombie (Ossuary)
  14 bullfrogs
  3 scorpions
  18 killer bees
  3 electric eels
  3 howler monkeys
  15 wights
  3 crimson imps
  3 human zombies (Ossuary)
  2 jellies
  12 hounds
  10 orc priests
  Crazy Yiuf (D:3)
  4 centaur skeletons
  22 orc wizards
  4 iguanas
  15 worker ants
  A big kobold zombie (Ossuary)
  2 hound zombies (Ossuary)
  4 hound skeletons
  4 mummies (Ossuary)
  2 worker ant zombies (D:11)
  13 adders
  9 gnolls
  A howler monkey skeleton (D:4)
  5 shadow imps
  A white imp (D:7)
  An ooze (D:2)
  An adder skeleton (D:6)
  An adder zombie (Ossuary)
  2 worms
  3 dart slugs (D:1)
  8 leopard geckos
  80 orcs
  4 ball pythons
  4 bats
  7 giant cockroaches
  8 goblins
  4 hobgoblins
  8 jackals
  13 kobolds
  7 quokkas
  5 frilled lizards
  2 goblin skeletons (D:7)
  2 goblin zombies (Ossuary)
  3 hobgoblin zombies (D:7)
  3 jackal skeletons
  A jackal zombie (Ossuary)
  2 kobold skeletons (D:7)
  A kobold zombie (Ossuary)
  A leopard gecko skeleton (D:8)
  A leopard gecko zombie (D:5)
  2 quokka skeletons
  5 rats
  A fungus (Lair:5)
641 creatures vanquished.

Vanquished Creatures (collateral kills)
  A minotaur (Gauntlet)
  A dire elephant (Lair:6)
  Fannar (D:11)
  2 two-headed ogres
  2 elephants (Lair:6)
  A troll (D:11)
  A water moccasin (Lair:6)
  An ogre (Orc:1)
  2 orc wizards (D:11)
  4 orcs (D:11)
16 creatures vanquished.

Vanquished Creatures (others)
  A centaur skeleton (D:5)
  An ooze (D:5)
  21 demonic plants (Gauntlet)
  20 fungi
  14 plants
  5 toadstools (D:6)
  A withered plant (Gauntlet)
63 creatures vanquished.

Grand Total: 720 creatures vanquished

Notes
Turn   | Place    | Note
-------+----------+-------------------------------------------
     0 | D:1      | Darkshadow the Minotaur Berserker began the quest for the
                  | Orb.
     0 | D:1      | Reached XP level 1. HP: 19/19 MP: 0/0
   245 | D:1      | Reached XP level 2. HP: 21/27 MP: 1/1
   546 | D:1      | Reached skill level 4 in Maces & Flails
   604 | D:1      | Reached XP level 3. HP: 32/33 MP: 2/2
  1409 | D:2      | Found a bloodstained altar of Trog.
  1501 | D:2      | Found a transporter.
  1504 | D:2      | Found an ancient bone altar of Kikubaaqudgha.
  1585 | D:2      | Found a basalt altar of Yredelemnul.
  1587 | D:2      | Noticed Menkaure
  1601 | D:2      | Found a transporter.
  1672 | D:2      | Reached ** piety under Trog
  1672 | D:2      | Reached XP level 4. HP: 37/41 MP: 3/3
  2107 | D:3      | Found a runed door.
  2425 | D:3      | Found a shimmering altar of Xom.
  2847 | D:3      | Noticed Crazy Yiuf
  2854 | D:3      | Killed Crazy Yiuf
  2854 | D:3      | Reached XP level 5. HP: 23/47 MP: 1/4
  3355 | D:4      | Reached skill level 5 in Fighting
  3355 | D:4      | Reached skill level 5 in Maces & Flails
  3486 | D:4      | Found a staircase to the Ecumenical Temple.
  3597 | D:4      | Reached XP level 6. HP: 56/56 MP: 5/5
  4030 | D:5      | Entered Level 5 of the Dungeon
  4160 | D:5      | Reached skill level 5 in Armour
  4160 | D:5      | Reached XP level 7. HP: 62/62 MP: 6/6
  4171 | D:5      | Found a sparkling altar of Nemelex Xobeh.
  4220 | D:5      | Noticed Pikel
  4239 | D:5      | Killed Pikel
  4239 | D:5      | Reached skill level 6 in Maces & Flails
  4239 | D:5      | Reached skill level 5 in Dodging
  4239 | D:5      | Reached XP level 8. HP: 70/71 MP: 7/7
  4860 | D:6      | Reached skill level 7 in Maces & Flails
  4911 | D:6      | Reached *** piety under Trog
  5357 | D:6      | Noticed a troll
  5377 | D:6      | Killed a troll
  5379 | D:6      | Reached XP level 9. HP: 27/81 MP: 8/8
  5637 | D:6      | Reached skill level 8 in Maces & Flails
  5650 | D:6      | Found an opulent altar of Gozag.
  5739 | D:6      | Found a shattered altar of Ashenzari.
  5742 | D:6      | Found a glowing golden altar of the Shining One.
  6209 | D:7      | Found a sand-covered staircase.
  6214 | Ossuary  | Entered an ossuary
  6725 | D:7      | Found a glowing golden altar of the Shining One.
  6730 | D:7      | Reached **** piety under Trog
  6981 | D:8      | Reached skill level 9 in Maces & Flails
  7492 | D:8      | Noticed a troll
  7508 | D:8      | Killed a troll
  7508 | D:8      | Reached XP level 10. HP: 91/91 MP: 9/9
  8253 | D:8      | Noticed a two-headed ogre
  8459 | D:8      | Killed a two-headed ogre
  8592 | D:8      | Found Qaemayn's General Store.
  8600 | D:8      | Bought a +0 cloak for 54 gold pieces
  8600 | D:8      | Bought a scroll of magic mapping for 42 gold pieces
  8600 | D:8      | Bought a potion of heal wounds for 60 gold pieces
  8891 | D:9      | Reached skill level 10 in Fighting
  8937 | D:9      | Reached skill level 10 in Maces & Flails
  9254 | D:9      | Found a staircase to the Lair.
  9254 | D:9      | Noticed an elephant
  9702 | D:9      | Reached skill level 10 in Armour
 10011 | D:9      | Reached ***** piety under Trog
 10023 | D:9      | Found a runed gate.
 10023 | D:9      | Found a runed gate.
 10023 | D:9      | Found a runed gate.
 10024 | D:9      | Noticed a deep elf mage
 10025 | D:9      | Noticed Think's ghost (novice DsMo)
 10025 | D:9      | Noticed a centaur warrior
 10235 | D:8      | Reached skill level 11 in Maces & Flails
 10239 | D:8      | Reached XP level 11. HP: 101/101 MP: 10/10
 10494 | D:9      | Found a staircase to the Orcish Mines.
 10636 | D:9      | Found an iron altar of Okawaru.
 10816 | D:10     | Entered Level 10 of the Dungeon
 10872 | D:9      | Received a gift from Trog
 10974 | D:10     | Reached skill level 1 in Crossbows
 11277 | D:10     | Noticed a two-headed ogre
 11284 | D:10     | Killed a two-headed ogre
 12029 | D:11     | Found a shattered altar of Ashenzari.
 12056 | D:11     | Reached skill level 12 in Maces & Flails
 12104 | D:11     | Noticed a two-headed ogre
 12142 | D:11     | Killed a two-headed ogre
 12531 | D:11     | Noticed a two-headed ogre
 12579 | D:11     | Killed a two-headed ogre
 12622 | D:11     | Noticed Fannar
 12641 | D:11     | Killed Fannar
 13570 | D:12     | Reached skill level 13 in Maces & Flails
 13608 | D:12     | Received a gift from Trog
 13608 | D:12     | Reached XP level 12. HP: 111/111 MP: 11/11
 14789 | Lair:1   | Entered Level 1 of the Lair of Beasts
 14855 | Lair:1   | Reached skill level 5 in Crossbows
 15786 | Lair:1   | Noticed a four-headed hydra
 15793 | Lair:1   | Killed a four-headed hydra
 15793 | Lair:1   | Reached skill level 14 in Maces & Flails
 16719 | Lair:2   | Got a shimmering amber ring
 17217 | Lair:3   | Found a gate leading to a gauntlet.
 17231 | Gauntlet | Entered a Gauntlet
 17231 | Gauntlet | Found a transporter.
 17231 | Gauntlet | Found a transporter.
 17422 | Gauntlet | Found a transporter.
 17443 | Gauntlet | Found a transporter.
 17460 | Gauntlet | Found a transporter.
 17478 | Gauntlet | Found a transporter.
 17560 | Gauntlet | Found a transporter.
 17575 | Gauntlet | Found a transporter.
 17588 | Gauntlet | Noticed a blizzard demon
 17589 | Gauntlet | Found a transporter.
 17605 | Gauntlet | Found a transporter.
 17605 | Gauntlet | Noticed a hell hog
 17618 | Gauntlet | Found a transporter.
 17685 | Gauntlet | Found a transporter.
 17695 | Gauntlet | Found a transporter.
 17696 | Gauntlet | Found a transporter.
 17696 | Gauntlet | Found a transporter.
 17705 | Gauntlet | Noticed an entropy weaver
 17706 | Gauntlet | Found a transporter.
 17811 | Gauntlet | Reached XP level 13. HP: 119/119 MP: 12/12
 17826 | Gauntlet | Got a sparkling lapis lazuli ring
 17950 | Gauntlet | Identified the +5 demon blade "Ironk" {vamp, +Inv rC+}
 17950 | Gauntlet | Noticed a minotaur
 17953 | Gauntlet | HP: 5/119 [minotaur/steel javelin (21)]
 17960 | Gauntlet | Killed a minotaur
 17960 | Gauntlet | Received a gift from Trog
 18412 | Lair:3   | Identified the cursed ring of the Secret Souls {rF++ Int+4
                  | Slay-4} (You found it on level 2 of the Lair of Beasts)
 18413 | Lair:3   | Identified the ring "Ilipi" {+Blink +Fly MP-9 AC+1} (You
                  | found it in a Gauntlet)
 18468 | Lair:3   | Found a staircase to the Shoals.
 18711 | Lair:3   | Reached skill level 1 in Shields
 18725 | Lair:3   | Reached skill level 15 in Maces & Flails
 18841 | Lair:3   | Found a staircase to the Snake Pit.
 19531 | Lair:4   | Reached skill level 1 in Evocations
 20208 | Lair:5   | Noticed Josephine
 20221 | Lair:5   | Killed Josephine
 20325 | Lair:5   | Reached skill level 5 in Shields
 20812 | Lair:5   | You are sucked into a shaft!
 20812 | Lair:6   | Entered Level 6 of the Lair of Beasts
 20929 | Lair:6   | HP: 5/123 [komodo dragon (11)]
 21285 | Lair:6   | Reached XP level 14. HP: 96/130 MP: 5/14
 22230 | Lair:6   | Received a gift from Trog
 22800 | Orc:1    | Entered Level 1 of the Orcish Mines
 22939 | Orc:1    | Reached skill level 16 in Maces & Flails
 23076 | Orc:1    | Noticed Gastronok
 23092 | Orc:1    | Killed Gastronok
 23816 | Orc:2    | Entered Level 2 of the Orcish Mines
 23816 | Orc:2    | Found a staircase to the Elven Halls.
 23816 | Orc:2    | Noticed Rupert
 23816 | Orc:2    | Noticed a stone giant
 23879 | Orc:2    | Found a dark tunnel.
 23886 | Volcano  | Entered a volcano
 24161 | Volcano  | Reached skill level 10 in Shields
 25059 | Orc:2    | Received a gift from Trog
 25324 | Orc:2    | Reached skill level 15 in Fighting
 25499 | Orc:2    | Paralysed by Rupert for 7 turns
 25615 | Orc:1    | Killed Rupert
 25653 | Orc:1    | Received a gift from Trog
 25963 | Orc:2    | Found Ziqoibrao's Antique Armour Emporium.
 26008 | Orc:2    | Found Postracko's Distillery.
 26098 | Orc:2    | Reached XP level 15. HP: 130/141 MP: 17/17
 26181 | Orc:1    | HP: 4/141 [troll (4)]
 26182 | Orc:1    | Slain by a two-headed ogre

Vault maps used:
D:1:      nagdon_arrival_double_spiral, minmay_heptomino_h4
D:2:      gammafunk_temple_of_torment, lemuel_coloured_pillars_altar
D:3:      xom_teletrap_fun, serial_bayou_lake_a, uniq_crazy_yiuf_cottage
D:4:      minmay_temple_entry_stoned_glass, minmay_pentomino_pile
D:5:      nemelex_xobeh_ov_fountains_minmay, first_ration, uniq_pikel
D:6:      wad_river_or_something, grunt_gozag_breadcrumbs,
          gammafunk_temple_overflow_wave, glass_columns_a,
          minmay_gold_behind_fungi
D:7:      lightli_ossuary_entry_decrepit_ruins, nicolae_tso_besieged_by_evil
D:8:      serial_shops, nicolae_shop_stone, blue_anna_alchemist,
          corner_web_ring, minmay_increasing_density
D:9:      david_lair_generic, david_orc_4, gammafunk_ghost_split,
          okawaru_altar_gauntlet_db
D:10:     st_stairs_11
D:11:     hangedman_decor_push, evilmike_ruin_ashenzari, uniq_fannar
D:12:     hangedman_glass_teeth, lemuel_nasty_fountain
Lair:1:   cheibrodos_lair_river_kwai, lemuel_old_faithful
Lair:3:   minmay_shoals_entry_hut, gauntlet_entry_generic
Lair:5:   slime_altar_2, uniq_nessos, uniq_josephine
Lair:6:   gammafunk_lair_ancient_temple
Orc:1:    mines3_lemuel, uniq_gastronok
Orc:2:    st_orc_open, enter_volcano_1, uniq_rupert
Ossuary:  ossuary_minmay_tomb_2a
Volcano:  volcano_bunker
Gauntlet: gammafunk_gauntlet_branching

Skill      XL: |  1  2  3  4  5  6  7  8  9 10 11 12 13 14 |
---------------+-------------------------------------------+-----
Fighting       | 4 5 6 7 9 10 11 12 13 15 | 15.2
Maces & Flails | 4 5 6 7 9 11 13 14 15 16 | 16.0
Armour         | 3 4 5 6 7 9 10 11 12 13 14 | 14.5
Dodging        | 3 4 5 6 8 9 |  9.6
Crossbows      | 4 6 7 |  7.0
Shields        | 7 11 | 11.2
Evocations     | 2 4 |  4.1

Action                   |  1- 3 |  4- 6 |  7- 9 | 10-12 | 13-15 || total
-------------------------+-------+-------+-------+-------+-------++-------
Melee: Mace              |    79 |   111 |   142 |       |       ||   332
       Headbutt          |     8 |    15 |    59 |   181 |   244 ||   507
       Great mace        |       |       |   152 |   194 |       ||   346
       Morningstar       |       |       |       |   508 |     6 ||   514
       Eveningstar       |       |       |       |       |   801 ||   801
 Fire: Hand crossbow     |       |       |    13 |    16 |     7 ||    36
Throw: Tomahawk          |       |       |     1 |     1 |       ||     2
       Stone             |       |       |       |       |     1 ||     1
       Javelin           |       |       |       |       |    43 ||    43
Invok: Berserk           |       |     2 |     4 |     8 |    11 ||    25
       Trog's Hand       |       |       |     2 |     3 |     6 ||    11
       Brothers in Arms  |       |       |       |     3 |     7 ||    10
  Use: Scroll            |       |     7 |     1 |    20 |    16 ||    44
       Potion            |       |       |       |       |    10 ||    10
  Eat: Chunk             |     2 |     9 |    12 |    38 |    27 ||    88
       Ration            |       |       |     1 |     1 |     6 ||     8
Armor: Animal skin       |    15 |     3 |       |       |       ||    18
       Scale mail        |       |    46 |    10 |       |       ||    56
       Plate armour      |       |       |   205 |   370 |   341 ||   916
Dodge: Dodged            |    48 |    59 |   199 |   508 |   408 ||  1222
Block: Shield            |       |       |       |       |   439 ||   439

Table legend:
 A = Non-vault XP
 B = Vault XP
 C = Vault XP percentage of total XP
 D = Non-vault monster count
 E = Vault monster count
 F = Vault count percentage of total count
                 A         B        C        D         E       F
            +---------+---------+-------+---------+---------+-------
      Total |   56849 |   46993 |  45.3 |     494 |     162 |  24.7
            +---------+---------+-------+---------+---------+-------
        D:1 |      40 |      10 |  20.0 |      18 |       4 |  18.2
        D:2 |      71 |       0 |   0.0 |      16 |       0 |   0.0
        D:3 |      56 |      40 |  41.7 |      16 |       1 |   5.9
        D:4 |     351 |       4 |   1.1 |      17 |       2 |  10.5
        D:5 |     340 |     663 |  66.1 |      14 |       1 |   6.7
        D:6 |    1375 |     550 |  28.6 |      32 |       6 |  15.8
        D:7 |     524 |      17 |   3.1 |      18 |       8 |  30.8
        D:8 |    2540 |    1104 |  30.3 |      34 |      12 |  26.1
        D:9 |    3095 |     622 |  16.7 |      54 |      20 |  27.0
       D:10 |    3667 |      69 |   1.8 |      31 |       2 |   6.1
       D:11 |    5266 |     620 |  10.5 |      51 |       1 |   1.9
       D:12 |    2641 |       0 |   0.0 |      24 |       0 |   0.0
     Lair:1 |    4185 |    2532 |  37.7 |      15 |       6 |  28.6
     Lair:2 |    3430 |       0 |   0.0 |      18 |       0 |   0.0
     Lair:3 |    3760 |     250 |   6.2 |      19 |       1 |   5.0
     Lair:4 |    3352 |       0 |   0.0 |      15 |       0 |   0.0
     Lair:5 |    9079 |    1720 |  15.9 |      25 |       4 |  13.8
     Lair:6 |    8627 |    9935 |  53.5 |      23 |      26 |  53.1
      Orc:1 |    3607 |   11297 |  75.8 |      41 |      20 |  32.8
      Orc:2 |     843 |    6910 |  89.1 |      13 |      14 |  51.9
    Ossuary |       0 |     364 | 100.0 |       0 |      16 | 100.0
    Volcano |       0 |    6726 | 100.0 |       0 |      11 | 100.0
   Gauntlet |       0 |    3560 | 100.0 |       0 |       7 | 100.0
            +---------+---------+-------+---------+---------+-------
